 Dungeon Crawl Stone Soup version 0.27-a0-1180-g7fc4abc71e (webtiles) character file.

Game seed: 3881200821019005018

93 EnegeticOcto the Sneak (level 4, -1/28 HPs)
             Began as a Kobold Wanderer on May 17, 2021.
             Was a Believer of Trog.
             Slain by a gnoll
             ... wielding a +0 spear
              (6 damage)
             ... on level 2 of the Dungeon.
             The game lasted 00:02:46 (1840 turns).

EnegeticOcto the Sneak (Kobold Wanderer)            Turns: 1840, Time: 00:02:46

Health: -1/28      AC:  2    Str:  8    XL:     4   Next: 91%
Magic:  5/5        EV: 15    Int: 12    God:    Trog [**....]
Gold:   61         SH:  0    Dex: 17    Spells: 4/5 levels left

rFire    . . .     SeeInvis .   b - +2 dagger (venom)
rCold    . . .     Faith    .   (shield restricted)
rNeg     . . .     Spirit   .   e - +0 robe
rPois    .         Reflect  .   (no helmet)
rElec    .         Harm     .   (no cloak)
rCorr    .         Rampage  .   (no gloves)
Will     .....                  (no boots)
Stlth    ++++......             (no amulet)
HPRegen  0.09/turn              (no ring)
MPRegen  0.09/turn              (no ring)

@: on berserk cooldown, slowed, very slow
A: small, no large weapons, nightstalker 3
a: Renounce Religion, Berserk, Trog's Hand


You were on level 2 of the Dungeon.
You worshipped Trog.
Trog was pleased with you.
You visited 1 branch of the dungeon, and saw 2 of its levels.

You collected 61 gold pieces.

Inventory:

Hand Weapons
 a - a +2 dagger
 b - a +2 dagger of venom (weapon)
   (You took it off a goblin on level 2 of the Dungeon)
Armour
 e - a +0 robe (worn)
Scrolls
 f - a scroll of summoning {unknown}
Potions
 c - a potion of lignification {@q6}


   Skills:
 + Level 3.0 Fighting
 - Level 4.0 Short Blades
 - Level 2.4 Dodging
 + Level 4.9 Stealth
 - Level 1.1 Spellcasting
 - Level 1.0 Hexes
 - Level 1.0 Ice Magic


You had 4 spell levels left.
You knew the following spells:

 Your Spells              Type           Power      Damage    Failure   Level
a - Freeze                Ice            12%        1d4       21%         1

Your spell library contained the following spells:

 Spells                   Type           Power      Damage    Failure   Level
 Frozen Ramparts          Ice            6%         1d2       52%         3


Dungeon Overview and Level Annotations

Branches:
Dungeon (2/15)

Altars:
Trog


Innate Abilities, Weirdness & Mutations

You are small and have problems with some larger weapons.
You are completely attuned to the shadows.


Message History

A ball python comes into view.
A ball python is nearby!
You barely miss the ball python. The ball python completely misses you.
The ball python closely misses you.
You closely miss the ball python. The ball python barely misses you. x2
You hit the ball python but do no damage.
The ball python is poisoned.
The ball python barely misses you. The ball python misses you.
You hit the ball python.
The ball python looks even sicker.
The ball python is severely wounded.
The ball python bites you. The ball python grabs you.
The ball python constricts you.
You barely miss the ball python.
The ball python is severely wounded.
You kill the ball python!
Trog accepts your kill.
No target in view!
No target in view!
No target in view!
No target in view!
HP restored.
f - a scroll labelled YDYUME MAIPS
Found a stone staircase leading down.
Found a stone staircase leading up.
A gnoll comes into view. It is wielding a +0 whip.
Found a club and a +0 spear.
What are your orders? t - Shout!
Orders for allies: a - Attack new target. r - Retreat! s - Stop attacking. g - Guard the area. f - Follow me.
Anything else - Cancel.
You shout for attention!
You hear a shout! x5
A gnoll is nearby!
A red film seems to cover your vision as you go berserk!
You feel yourself moving faster!
You feel mighty!
A kobold comes into view. It is wielding a +0 dagger.
You feel a strong urge to attack something.
The kobold shouts!
You completely miss the gnoll. You hit the gnoll.
The gnoll is poisoned.
The gnoll is moderately wounded.
The gnoll hits you with a +0 long sword.
You hit the gnoll.
The gnoll looks as sick as possible!
The gnoll is severely wounded.
You hit the gnoll.
The gnoll is almost dead.
The gnoll closely misses you.
You completely miss the gnoll.
The gnoll is almost dead.
The gnoll closely misses you.
You puncture the gnoll!
You kill the gnoll!
Trog accepts your kill.
You puncture the kobold!
You kill the kobold!
Trog accepts your kill. The gnoll closely misses you.
The gnoll hits you with a +0 spear.
Items here: $ )) [ †.
You completely miss the gnoll. The gnoll completely misses you.
You closely miss the gnoll. The gnoll hits you with a +0 whip.
The gnoll hits you with a +0 spear.
You are too injured to fight recklessly!
You are too injured to fight recklessly!
You are too injured to fight recklessly!
You are too injured to fight recklessly!
You are too injured to fight recklessly!
You are too injured to fight recklessly!
You are too injured to fight recklessly!
You are too injured to fight recklessly!
You are too injured to fight recklessly!
You are too injured to fight recklessly!
You are too injured to fight recklessly!
You are too injured to fight recklessly!
You are too injured to fight recklessly!
You are too injured to fight recklessly!
You puncture the gnoll!
The gnoll is poisoned.
The gnoll is severely wounded.
The gnoll hits you from afar with a +0 spear!
The gnoll hits you with a +0 whip!
* * * LOW HITPOINT WARNING * * *
The gnoll closely misses you.
You feel a strong urge to attack something.
You are no longer berserk.
You are exhausted.
You feel yourself slow down.
Okay, then.
Really quaff the potion of lignification?
Okay, then.
As you read the scroll labelled TAEXYDGH KEOWY, it crumbles to dust.
Your body is wracked with pain!
* * * LOW HITPOINT WARNING * * *
The gnoll convulses! x2; It was a scroll of torment.
You kill the gnoll!
Trog accepts your kill. The gnoll completely misses you.
Your Fighting skill increases to level 3!
The gnoll closely misses you.
The gnoll hits you from afar with a +0 spear.
You die...

.<...# .....# . .....#
..#### #)# #....# #.#
. ###.. ####.####
..###.... >....g..# ##
......###
......g.###.. ####..##
......@.##..####.†...#
........##..#........#
######..##....###.####
#........## #.#
#.##...#### #.#
#.##...#... ..#
#####.###....# ###
#.....###....#
#.#####...##...


You could see 2 gnolls.

Vanquished Creatures
  2 gnolls (D:2)
  2 adders (D:2)
  3 dart slugs
  3 orcs (D:2)
  8 ball pythons
  2 endoplasms (D:1)
  5 giant cockroaches
  3 goblins
  2 hobgoblins (D:1)
  6 jackals
  A quokka (D:2)
  A bat (D:1)
  A frilled lizard (D:1)
  4 kobolds
  2 rats (D:1)
45 creatures vanquished.

Notes
Turn   | Place    | Note
-------+----------+-------------------------------------------
     0 | D:1      | EnegeticOcto the Kobold Wanderer began the quest for the
                  | Orb.
     0 | D:1      | EnegeticOcto set off with the following items: a +2 dagger,
                  | a scroll of fear {!r}, a potion of lignification {@q6}, a
                  | +0 robe; and the following spell memorised: Freeze; and the
                  | following spells available to memorise: Frozen Ramparts
     0 | D:1      | Reached XP level 1. HP: 12/12 MP: 2/2
    74 | D:1      | Reached skill level 1 in Short Blades
   103 | D:1      | Found a faded altar of an unknown god.
   107 | D:1      | Became a worshipper of Trog the Wrathful
   107 | D:1      | Reached * piety under Trog
   262 | D:1      | Reached skill level 2 in Short Blades
   262 | D:1      | Reached XP level 2. HP: 17/17 MP: 3/3
   526 | D:1      | Reached skill level 3 in Short Blades
   632 | D:1      | Reached XP level 3. HP: 21/21 MP: 4/4
   937 | D:1      | Reached ** piety under Trog
  1317 | D:2      | Reached skill level 4 in Short Blades
  1586 | D:2      | Reached XP level 4. HP: 27/27 MP: 5/5
  1839 | D:2      | Reached skill level 3 in Fighting
  1840 | D:2      | Slain by a gnoll

Illustrated notes

Levels and vault maps discovered:
D:1:      elethiomel_arrival_quiet, layout_loops_corners,
          ebering_ecumenical_altar_box
D:2:      layout_rooms

Skill      XL: |  1  2  3  4 |
---------------+-------------+-----
Short Blades   | 2 3 4 |  4.0
Fighting       | 3 |  3.0
Dodging        | |  2.4
Stealth        | |  4.9
Spellcasting   | |  1.1
Hexes          | |  1.0
Ice Magic      | |  1.0

Action                   |  1- 3 |  4- 6 || total
-------------------------+-------+-------++-------
Melee: Dagger            |    58 |    34 ||    92
Invok: Berserk           |     4 |     2 ||     6
  Use: Scroll            |     1 |     1 ||     2
 Stab: Sleeping          |    17 |       ||    17
       Distracted        |     1 |       ||     1
Armor: Robe              |     3 |     1 ||     4
Dodge: Dodged            |    28 |    28 ||    56

Table legend: (Time is in decaauts)
 A = Elapsed time spent in this place.
 B = Non-inter-level travel time spent in this place.
 C = Inter-level travel time spent in this place.
 D = Time resting spent in this place.
 E = Time spent auto-exploring this place.
 F = Levels seen in this place.
 G = Mean time per level.
                   A        B        C        D        E       F      G
               +--------+--------+--------+--------+--------+-----+--------+
         Total |   1877 |   1766 |    111 |    300 |   1168 |   2 |  938.5 |
       Dungeon |   1877 |   1766 |    111 |    300 |   1168 |   2 |  938.5 |
               +--------+--------+--------+--------+--------+-----+--------+

Top non-repeatable levels by time:
     D:1: 1458 daAuts
     D:2: 418 daAuts
